 Dungeon Crawl Stone Soup version 0.30.0-10-gfe55d96785 (webtiles) character file.

Game seed: 7790801121186238078

826 monsoonserge the Chopper (level 8, -1/67 HPs)
             Began as a Meteoran Fighter on May 15, 2023.
             Was a Believer of Okawaru.
             Slain by a water moccasin (6 damage)
             ... on level 6 of the Dungeon.
             The game lasted 00:17:54 (2532 turns).

monsoonserge the Chopper (Meteoran Fighter)         Turns: 2532, Time: 00:17:55

Health: -1/67      AC:  9    Str: 20    XL:     8   Next: 40%
Magic:  9/11       EV: 22    Int:  9    God:    Okawaru [**....]
Gold:   303        SH:  7    Dex: 20    Spells: 7/7 levels left

rFire   . . .        g - +0 broad axe
rCold   + . .        c - +0 buckler
rNeg    . . .        q - +0 leather armour {rC+}
rPois   .            t - +0 helmet
rElec   .            (no cloak)
rCorr   .            (no gloves)
SInv    .            k - +2 pair of boots {Stlth+}
Will    +....        v - amulet of the acrobat
Stlth   ++           m - +6 ring of dexterity
HPRegen 0.31/turn    B - +5 ring of evasion
MPRegen 0.12/turn

%: acrobat
@: lethally poisoned (-1 -> -9), heroic, glowing
A: sense surroundings 1, otherworldly, glowing, explore regen
a: Renounce Religion, Heroism


You were on level 6 of the Dungeon.
You worshipped Okawaru.
Okawaru was pleased with you.
You visited 1 branch of the dungeon, and saw 7 of its levels.

You collected 303 gold pieces.

Inventory:

Hand Weapons
 a - a +0 flail
 g - a +0 broad axe (weapon)
 G - a +0 heavy spear
Missiles
 r - 2 boomerangs (quivered)
 s - 3 poisoned darts
 u - 4 silver javelins
 y - a throwing net
 I - 2 boomerangs of dispersal
Armour
 b - a +0 scale mail
 c - a +0 buckler (worn)
 k - a +2 pair of boots of stealth (worn)
 q - a +0 leather armour of cold resistance (worn)
 t - a +0 helmet (worn)
 F - a +0 leather armour of poison resistance
Jewellery
 m - a +6 ring of dexterity (left hand)
 v - an amulet of the acrobat (around neck)
 B - a +5 ring of evasion (right hand)
 E - a ring of willpower
Wands
 x - a wand of paralysis (7)
Scrolls
 i - a scroll of brand weapon {unknown}
 j - 3 scrolls of teleportation {unknown}
 w - 5 scrolls of identify {unknown}
 z - a scroll of enchant weapon {unknown}
 A - a scroll of butterflies {unknown}
 C - a scroll of vulnerability {unknown}
 H - a scroll of magic mapping {unknown}
Potions
 d - a potion of heal wounds {unknown}
 e - a potion of cancellation {unknown}
 f - a potion of lignification {unknown}
 h - 2 potions of haste {unknown}
 l - 2 potions of magic
 n - 2 potions of brilliance {unknown}
 o - a potion of attraction {unknown}
 p - 2 potions of curing
 D - a potion of berserk rage {unknown}


   Skills:
 + Level 4.7(9.7) Fighting
 + Level 6.7(12.0) Axes
 + Level 3.2(10.7) Maces & Flails
 + Level 0.3(5.3) Throwing
 + Level 4.6(9.6) Armour
 + Level 3.2(8.2) Dodging
 + Level 4.7(9.7) Shields
 + Level 3.0 Invocations
 - Level 1.0 Evocations


You had 7 spell levels left.
You didn't know any spells.
Your spell library contained the following spells:

 Spells                   Type           Power      Damage    Failure   Level
 Cigotuvi's Dreadful Rot  Necr/Pois/Air  0%         N/A       63%         2
 Ignite Poison            Fire/Tmut/Pois 0%         N/A       85%         3
 Freezing Cloud           Conj/Ice/Air   0%         6-21      100%        5
 Summon Forest            Summ/Tloc      Unusable   N/A       N/A         5
 Summon Mana Viper        Hex/Summ       Unusable   N/A       N/A         5
 Summon Cactus Giant      Summ           Unusable   N/A       N/A         6

Dungeon Overview and Level Annotations

Branches:
Dungeon (7/15) Zot: 1516   Temple (0/1) D:4

Altars:
Okawaru
Trog

Shops:
D:5 :

Annotations:
D:3 3 runed translucent doors, hogiebunz's ghost, amateur DsNe


Innate Abilities, Weirdness & Mutations

You passively map a small area around you.
You are easily found by Zot.
You glow in the dark.
You regain HP and MP as you explore.


Message History

You feel very sick.
The water moccasin completely misses you.
The water moccasin bites you.
You are more poisoned.
The water moccasin poisons you!
You closely miss the water moccasin.
The water moccasin is moderately wounded.
* * * LOW HITPOINT WARNING * * *
You feel very sick.
The water moccasin completely misses you.
You closely miss the water moccasin.
The water moccasin is moderately wounded.
* * * LOW HITPOINT WARNING * * *
You feel very sick.
The water moccasin bites you but does no damage.
The water moccasin bites you!
* * * LOW HITPOINT WARNING * * *
It was a potion of magic.
Magic courses through your body.
* * * LOW HITPOINT WARNING * * *
You feel very sick. You block the water moccasin's attack.
It was a potion of curing.
You feel better. The water moccasin misses you.
You block the water moccasin's attack.
You gain the combat prowess of a mighty hero.
The water moccasin bites you.
* * * LOW HITPOINT WARNING * * *
You are lethally poisoned!
The water moccasin poisons you!
You are too injured to fight recklessly!
You miss the water moccasin.
The water moccasin is moderately wounded.
* * * LOW HITPOINT WARNING * * *
You feel very sick. The water moccasin closely misses you.
The water moccasin misses you.
You slash the water moccasin!
The water moccasin is severely wounded.
* * * LOW HITPOINT WARNING * * *
You feel very sick. The water moccasin bites you.
You die...

* ,, , * 8 ,,, ,* ,, ,
,, ,, ,,* , , , ,, , *
, *8 , ,8 ,, , ##
##### ,8
#..###.##.#.#####* ,
................### ,
* , , *
....##@#.###.##..#8 8
, . #S#.# #.##.## +*
..#.. ..##.# ,
.....##..#.#.# ,
..........#.##.. *
,...........#.###... #
............##.###.###
.......###*. ##.#####.
* $...##.#.#..


You could see a water moccasin.

Vanquished Creatures
  A water moccasin (D:6)
  2 black bears (D:4)
  A phantom (D:5)
  A gnoll bouda (D:5)
  A hound (D:6)
  2 orc priests (D:5)
  3 orc wizards
  10 gnolls
  6 adders
  A white imp (D:5)
  An ufetubus (D:5)
  3 worms
  3 dart slugs
  16 orcs
  7 ball pythons
  6 bats
  4 endoplasms
  A giant cockroach (D:2)
  6 goblins
  7 hobgoblins
  6 jackals
  2 kobolds (D:1)
  2 quokkas
  5 frilled lizards
  15 rats
112 creatures vanquished.

Notes
Turn   | Place    | Note
-------+----------+-------------------------------------------
     0 | D:1      | monsoonserge the Meteoran Fighter began the quest for the
                  | Orb.
     0 | D:1      | Reached XP level 1. HP: 19/19 MP: 2/2
   114 | D:1      | Found a faded altar of an unknown god.
   122 | D:1      | Reached XP level 2. HP: 23/26 MP: 3/3
   136 | D:1      | Prayed at the altar of an unknown god.
   136 | D:1      | Became a worshipper of Warmaster Okawaru
   136 | D:1      | Reached * piety under Okawaru
   316 | D:1      | Reached XP level 3. HP: 31/31 MP: 4/4
   444 | D:2      | Reached skill level 1 in Invocations
   700 | D:2      | Reached skill level 1 in Axes
   700 | D:2      | Reached XP level 4. HP: 39/39 MP: 5/5
   860 | D:2      | Reached skill level 2 in Axes
   959 | D:3      | Reached XP level 5. HP: 33/45 MP: 7/7
  1036 | D:3      | Reached skill level 3 in Axes
  1269 | D:3      | Reached ** piety under Okawaru
  1270 | D:3      | Reached skill level 1 in Dodging
  1270 | D:3      | Reached XP level 6. HP: 43/52 MP: 8/8
  1484 | D:3      | Found a runed translucent gate.
  1485 | D:3      | Found a runed translucent gate.
  1488 | D:3      | Found a runed translucent gate.
  1490 | D:3      | Noticed hogiebunz's ghost (amateur DsNe)
  1585 | D:5      | Entered Level 5 of the Dungeon
  1592 | D:4      | Found a staircase to the Ecumenical Temple.
  1731 | D:4      | Noticed a black bear
  1733 | D:4      | Noticed a black bear
  1748 | D:4      | Killed a black bear
  1749 | D:4      | Reached skill level 4 in Axes
  1759 | D:4      | Found a bloodstained altar of Trog.
  1778 | D:4      | Killed a black bear
  1779 | D:4      | Reached XP level 7. HP: 41/59 MP: 8/10
  2027 | D:5      | Reached skill level 1 in Evocations
  2187 | D:5      | Reached skill level 5 in Axes
  2252 | D:5      | Reached skill level 6 in Axes
  2252 | D:5      | Reached XP level 8. HP: 33/67 MP: 11/11
  2348 | D:5      | Found Saoruf's Vocational Training.
  2532 | D:6      | Slain by a water moccasin

Illustrated notes

Levels and vault maps discovered:
D:1:      roderic_dead_forest, layout_loops_corners, serial_glass,
          glass_columns_b, glass_columns_a, chequers_ecumenical_altar_island,
          kennysheep_boxes
D:2:      layout_loops_ring, grunt_ministairs_6, minmay_rat_gold_closets
D:3:      layout_loops_ring, gammafunk_ghost_necromancy,
          small_statue_intersection, hangedman_decor_diamond_cutter
D:4:      wander_river, layout_gridville, trog_ov_bears_minmay,
          minmay_temple_entry_arrows
D:5:      layout_basic, nicolae_shop_vocational
D:6:      hellmonk_crumbling_castle, layout_basic
D:7:      layout_basic

Skill      XL: |  1  2  3  4  5  6  7  8 |
---------------+-------------------------+-----
Maces & Flails | 3 |  3.2
Armour         | 4 |  4.6
Invocations    | 1 2 3 |  3.0
Shields        | 4 |  4.7
Axes           | 1 2 3 4 6 |  6.7
Dodging        | 1 2 3 |  3.2
Fighting       | 4 |  4.7
Evocations     | 1 |  1.0
Throwing       | |  0.3

Action                     |  1- 3 |  4- 6 |  7- 9 || total
---------------------------+-------+-------+-------++-------
  Melee: Flail             |    54 |       |       ||    54
         Broad axe         |    39 |   120 |    88 ||   247
  Throw: Boomerang         |       |     4 |       ||     4
 Invoke: Heroism           |       |       |     1 ||     1
    Use: Potion            |       |       |     3 ||     3
   Stab: Sleeping          |       |     1 |       ||     1
 Armour: Scale mail        |    62 |    18 |       ||    80
         Leather armour    |       |    38 |    24 ||    62
  Dodge: Dodged            |    45 |    39 |    90 ||   174
  Block: Buckler           |    25 |    36 |    41 ||   102
